 Dungeon Crawl Stone Soup version 0.31-a0-217-g58bb5d79cf (webtiles) character file.

Game seed: 16119856823561589791

285 qw the Shield-Bearer (level 6, -2/37 HPs)
             Began as a Gargoyle Fighter on July 2, 2023.
             Killed by divine providence
             ... invoked by an orc priest
              (12 damage)
             ... on level 4 of the Dungeon.
             The game lasted 00:01:39 (3304 turns).

qw the Shield-Bearer (Gargoyle Fighter)             Turns: 3304, Time: 00:01:40

Health: -2/37      AC: 12    Str: 21    XL:     6   Next: 29%
Magic:  6/6        EV:  8    Int:  9    God:
Gold:   114        SH:  8    Dex:  9    Spells: 5/5 levels left

rFire   . . .        Y - +0 war axe
rCold   . . .        i - +0 kite shield
rNeg    + . .        b - +0 scale mail
rPois   inf          (no helmet)
rElec   +            (no cloak)
rCorr   +            e - +0 pair of gloves
SInv    .            (no boots)
Will    .....        f - amulet of faith Stlth
                     a - ring of resist corrosion
HPRegen 0.26/turn    (no ring)
MPRegen 0.10/turn

%: faith
@: about to teleport
A: sickness immunity, AC +4, negative energy resistance 1, electricity
resistance, torment resistance 1, petrification resistance
a: no special abilities


You were on level 4 of the Dungeon.
You visited 1 branch of the dungeon, and saw 4 of its levels.

You collected 114 gold pieces.


Innate Abilities, Weirdness & Mutations

You are immune to sickness and miasma.
Your stone body is resilient. (AC +4)
You are immune to poison.
You resist negative energy. (rN+)
You are resistant to electric shocks. (rElec)
You are resistant to unholy torment.
You are immune to petrification.


   Skills:
 - Level 3.2 Fighting
 + Level 4.7 Axes
 - Level 3.2 Armour
 - Level 5.3 Shields


You had 5 spell levels left.
You didn't know any spells.
Your spell library was empty.

Inventory:

Hand Weapons
 m - a +0 flail
 Y - a +0 war axe (weapon)
Missiles
 l - 4 boomerangs (quivered)
Armour
 b - a +0 scale mail (worn)
 e - a +0 pair of gloves (worn)
 i - a +0 kite shield (worn)
Jewellery
 a - a ring of resist corrosion (left hand)
 c - an amulet of the acrobat
 f - an amulet of faith (around neck)
Potions
 d - 2 potions of might
 g - a potion of ambrosia {unknown}
 h - a potion of mutation {unknown}
 j - a potion of enlightenment {unknown}
 k - a potion of curing {unknown}

Dungeon Overview and Level Annotations

Branches:
Dungeon (4/15)
 Temple: D:4-7

Altars:
Dithmenos


Message History

The orc priest closely misses you. You block the orc's attack.
You completely miss the orc priest.
The orc priest is almost dead.
You hit the worm. You barely miss the orc. You slash the orc!
You kill the orc!
You block the orc priest's attack. You block the orc's attack.
The worm bites you.
You barely miss the orc priest.
The orc priest is almost dead.
You barely miss the worm. You completely miss the orc.
The orc completely misses you. You block the orc priest's attack.
The worm closely misses you.
The orc priest calls down the wrath of Beogh upon you.
Pain shoots through your body! The orc hits you but does no damage.
You closely miss the orc priest.
The orc priest is almost dead.
You barely miss the worm. You barely miss the orc. You block the orc's attack.
The orc priest mumbles some strange prayers to Beogh against you.
Pain shoots through your body! The worm closely misses you.
3302 ||| READING scroll of teleportation.
As you read the scroll of teleportation, it crumbles to dust.
You feel strangely unstable. The orc priest completely misses you.
You block the orc's attack.
You barely miss the orc priest.
The orc priest is almost dead.
You slash the worm! You hit the orc. The orc priest barely misses you.
The orc barely misses you. The worm bites you but does no damage.
You hit the orc priest.
The orc priest is almost dead.
You slash the worm!
You kill the worm!
You barely miss the orc.
The orc priest calls upon Beogh to heal the orc.
The orc's wounds heal themselves!
The orc hits you but does no damage. You block the orc's attack.
The orc priest invokes the aid of Beogh against you.
Beogh smites you!
You die...

... ... #.. .#
##... .# #....# .##
......#####..###
......)o..?..... #
......o@....# #.##
## ......))....#
#..# ##.
....###.....###...#
##.. ...
##....#....#.##...
. #......# #.....
#.....## ##.....
#...#..## #......
....####.##
##...#[. ...#
#..####...##.#


You could see an orc priest and an orc.

Vanquished Creatures
  A phantom (D:4)
  A scorpion (D:4)
  An orc wizard (D:3)
  3 adders
  2 worms
  11 orcs
  10 endoplasms
  3 giant cockroaches
  11 goblins
  8 hobgoblins
  2 jackals (D:3)
  10 ball pythons
  7 bats
  3 frilled lizards
  8 kobolds
  5 rats
86 creatures vanquished.

Notes
Turn   | Place    | Note
-------+----------+-------------------------------------------
     0 | D:1      | qw the Gargoyle Fighter began the quest for the Orb.
     0 | D:1      | Reached XP level 1. HP: 14/14 MP: 1/1
     0 | D:1      | 0 ||| qw: Version: 0.3-a-40-ge99b1a8
     0 | D:1      | 0 ||| qw: Game counter: 121
     0 | D:1      | 0 ||| qw: Melee chars always use a shield: true
     0 | D:1      | 0 ||| qw: God list: Okawaru
     0 | D:1      | 0 ||| qw: Allow faded altars: false
     0 | D:1      | 0 ||| qw: Do Orc after clearing Dungeon:15 true
     0 | D:1      | 0 ||| qw: Do second Lair branch before Depths: true
     0 | D:1      | 0 ||| qw: Lair rune preference: random
     0 | D:1      | 0 ||| qw: Goals: Normal, Zot:1-4, Slime:5, God:TSO, Crypt,
                  | Tomb, Abyss, Pan, Hells, Win
     0 | D:1      | 0 ||| PLANNING D:1-11
    32 | D:1      | 32 ||| Stepping ~*~*~tactically~*~*~ (stealth).
   272 | D:1      | Reached XP level 2. HP: 19/19 MP: 2/2
   332 | D:1      | 332 ||| Stepping ~*~*~tactically~*~*~ (stealth).
   673 | D:1      | Reached skill level 3 in Axes
   885 | D:1      | 885 ||| READING scroll labelled PEYTOF WECEOLY.
   899 | D:2      | 899 ||| STAIRDANCE
   905 | D:2      | 905 ||| STAIRDANCE
   932 | D:2      | Reached XP level 3. HP: 23/23 MP: 3/3
   982 | D:2      | Found a faded altar of an unknown god.
  1009 | D:2      | 1009 ||| Stepping ~*~*~tactically~*~*~ (stealth).
  1262 | D:2      | 1262 ||| Stepping ~*~*~tactically~*~*~ (hiding).
  1749 | D:2      | 1749 ||| Stepping ~*~*~tactically~*~*~ (stealth).
  1923 | D:2      | Reached XP level 4. HP: 28/28 MP: 4/4
  2034 | D:2      | 2034 ||| UPGRADING to +0 kite shield.
  2044 | D:2      | 2044 ||| DROPPING +0 buckler.
  2045 | D:2      | 2045 ||| UPGRADING to ring of resist corrosion.
  2046 | D:2      | 2046 ||| READING scroll labelled FIMINAEKLI.
  2050 | D:2      | 2050 ||| READING scroll labelled XEHOLOWACE.
  2321 | D:3      | 2321 ||| Stepping ~*~*~tactically~*~*~ (hiding).
  2322 | D:3      | 2322 ||| Stepping ~*~*~tactically~*~*~ (hiding).
  2464 | D:3      | 2464 ||| DROPPING +0 mace.
  2507 | D:3      | Found a shadowy altar of Dithmenos.
  3008 | D:3      | 3008 ||| UPGRADING to +0 pair of gloves.
  3013 | D:3      | 3013 ||| UPGRADING to amulet of the acrobat.
  3018 | D:3      | 3018 ||| UPGRADING to amulet of faith.
  3028 | D:3      | 3028 ||| READING scroll labelled GAYTEP QITWIRI.
  3063 | D:4      | 3063 ||| STAIRDANCE
  3086 | D:4      | Reached skill level 4 in Shields
  3098 | D:4      | 3098 ||| STAIRDANCE
  3100 | D:4      | 3100 ||| STAIRDANCE
  3112 | D:3      | Reached XP level 5. HP: 23/32 MP: 5/5
  3187 | D:4      | 3187 ||| Stepping ~*~*~tactically~*~*~ (stealth).
  3192 | D:4      | 3192 ||| Stepping ~*~*~tactically~*~*~ (stealth).
  3196 | D:4      | 3196 ||| Stepping ~*~*~tactically~*~*~ (stealth).
  3197 | D:4      | 3197 ||| Stepping ~*~*~tactically~*~*~ (stealth).
  3209 | D:4      | Reached skill level 5 in Shields
  3214 | D:4      | 3214 ||| Stepping ~*~*~tactically~*~*~ (stealth).
  3258 | D:4      | Noticed a phantom
  3276 | D:4      | Killed a phantom
  3277 | D:4      | Reached XP level 6. HP: 37/37 MP: 6/6
  3301 | D:4      | HP: 9/37 [orc priest/nerve-wracking pain (4)]
  3302 | D:4      | 3302 ||| READING scroll of teleportation.
  3304 | D:4      | Killed from afar by an orc priest

Levels and vault maps discovered:
D:1:      psy_arrival_radial02, layout_basic
D:2:      minmay_skewed_foursquare, layout_basic,
          dreamdust_ecumenical_altar_hidden_monk_grotto,
          minmay_misc_feat_hallway
D:3:      minmay_evil_eye, layout_loops_ring, lemuel_coloured_pillars_altar,
          nicolae_figureground_pulse
D:4:      layout_layer_cave, kennysheep_minor_cross, grunt_ministairs_10

Skill      XL: |  1  2  3  4  5 |
---------------+----------------+-----
Axes           | 2 3 4 |  4.7
Shields        | 4 5 |  5.3
Fighting       | |  3.2
Armour         | |  3.2

Action                     |  1- 3 |  4- 6 || total
---------------------------+-------+-------++-------
  Melee: War axe           |   152 |   127 ||   279
  Throw: Boomerang         |       |     3 ||     3
    Use: Scroll            |     1 |     4 ||     5
 Armour: Scale mail        |    80 |    75 ||   155
  Dodge: Dodged            |    50 |    47 ||    97
  Block: Buckler           |    34 |     2 ||    36
         Kite shield       |       |    62 ||    62

Table legend:
 A = Non-vault XP
 B = Vault XP
 C = Vault XP percentage of total XP
 D = Non-vault monster count
 E = Vault monster count
 F = Vault count percentage of total count
                 A         B        C        D         E       F
            +---------+---------+-------+---------+---------+-------
      Total |     390 |      23 |   5.6 |      73 |      13 |  15.1
            +---------+---------+-------+---------+---------+-------
        D:1 |      33 |       0 |   0.0 |      21 |       0 |   0.0
        D:2 |      50 |      12 |  19.4 |      24 |       8 |  25.0
        D:3 |      71 |      10 |  12.3 |      12 |       4 |  25.0
        D:4 |     236 |       1 |   0.4 |      16 |       1 |   5.9
            +---------+---------+-------+---------+---------+-------
